Flames vs Blue Jackets

Created - 26 février 2024 at 20:26

Goals
1 2 3 T
Flames 1 2 1 4
Blue Jackets 1 4 0 5
Shots
1 2 3 T
Flames 8 24 10 42
Blue Jackets 12 19 3 34

GoalsPenalties
1st period
1. Flames , Anthony Beauvillier 25 (Trevor Moore 30, Nick Bjugstad 18) at 12:39
2. Blue Jackets , Nikita Kucherov 25 (Matt Duchene 20, Tyler Seguin 30) at 18:04
Erik Cernak (CLB) for Goalie Interference (Minor) at 4:15
Ben Chiarot (CAL) for Holding Stick (Minor) at 6:55
Nikita Kucherov (CLB) for Holding (Minor) at 9:56
2nd period
3. Blue Jackets , David Krejci 12 (Troy Terry 17, Nicolas Hague 5) at 0:55
4. Flames , Anthony Beauvillier 26 (Victor Hedman 21) at 9:07
5. Flames , Evgeny Kuznetsov 22 (Sam Reinhart 31, Pavel Zacha 19) at 9:43 (PP)
6. Blue Jackets , Brandon Saad 18 (Troy Terry 18, Dillon Dube 11) at 11:44
7. Blue Jackets , Brandon Saad 19 (Nicolas Hague 6, Troy Terry 19) at 15:06
8. Blue Jackets , Matt Duchene 16 (Nikita Kucherov 24, Tyler Seguin 31) at 15:22
Tom Wilson (CLB) for Diving (Minor) at 9:31
Ben Chiarot (CAL) for Hooking (Minor) at 15:25
3rd period
9. Flames , Ryan Donato 8 (Blake Lizotte 6) at 15:08
Brenden Dillon (CLB) for High sticking (Minor) at 2:18
Matt Duchene (CLB) for High sticking (Minor) at 8:54
Tom Wilson (CLB) for Interference (Minor) at 15:23
Goalie Stats
Sergei Bobrovsky (CAL), 29 saves from 34 shots - (0,853), L, 23-14-5, 59:09 minutes
Logan Thompson (CLB), 38 saves from 42 shots - (0,905), W, 11-5-2, 60:00 minutes
3 StarsOfficial
1 - Brandon Saad (CLB)
2 - Anthony Beauvillier (CAL)
3 - Troy Terry (CLB)
Referees : Peter MacDougall and Francois St-Laurent
Linesman : Tony Sericolo and Kyle Allen
Game Note
No Game Note
Finance
Level 1 -- Attendance: 2635 (43,92%) -- Ticket Income $527,000
Level 2 -- Attendance: 2548 (50,96%) -- Ticket Income $254,800
Level 3 -- Attendance: 1104 (55,20%) -- Ticket Income $60,720
Level 4 -- Attendance: 2388 (59,70%) -- Ticket Income $81,192
Luxury Box -- Attendance: 512 (51,20%) -- Ticket Income $153,600
Total Attendance: 9187 (51,04%)
Total Ticket Income: $1,077,312
Other Income: $527,883
Total Income: $1,605,195



Team Name Goals Shots Shots Attemp Shots Blocked PIM HIT PP PK FO%
Flames 44267114161 / 6 (17%)049%
Blue Jackets 534651412180 / 2 (0%)151%

Flames
Player Name POS G A P +/- PIM HIT SHT SB MP PP MP PP SHT PK MP PK SHT FO% FOT GA TA
Anthony BeauvillierC/LW/RW2021006016:183:5400:0000% 100
Austin WatsonC/LW/RW000-1011112:010:0102:0000% 020
Ben ChiarotD000-2410214:420:0000:0000% 001
Blake LizotteC011001109:220:0000:53071% 700
Brendan SmithD0001011015:030:0002:3100% 000
Caleb JonesD000-2010120:123:2701:4200% 000
Drew DoughtyD000-1011427:056:4011:3100% 000
Erik BrannstromD0001003018:033:2702:1200% 001
Evgeny KuznetsovC/LW/RW101-2024022:196:1230:00044% 2711
Kiefer SherwoodLW/RW000-1000010:070:0100:0000% 000
Mark JankowskiC/LW000-100009:360:0001:1400% 210
Nick BjugstadC/RW0111023017:323:5411:14064% 2201
Pavel ZachaC/LW011-2010021:086:1200:0000% 311
Ryan DonatoC/LW101000609:290:0100:2100% 010
Sam ReinhartC/RW011-2027021:156:1200:0000% 100
Teddy BluegerC/LW/RW0000002010:340:0002:14050% 200
Trevor MooreC/LW/RW0111024116:143:5410:0000% 000
Victor HedmanD011-1013225:006:4000:0000% 021
Blue Jackets
Player Name POS G A P +/- PIM HIT SHT SB MP PP MP PP SHT PK MP PK SHT FO% FOT GA TA
Adam GaudetteC/LW/RW000000002:300:0002:1000% 000
Andreas AthanasiouC/LW/RW000-1000110:040:0000:13033% 600
Brandon SaadLW/RW2022006114:580:0000:02050% 201
Brenden DillonD0002213124:392:4005:1400% 011
Brett HowdenC0000014114:522:1106:08064% 1401
Connor CliftonD0001010215:332:4000:0000% 001
Connor MurphyD000-1002016:051:1800:4000% 001
David KrejciC1012001016:191:4700:00060% 1000
Dillon DubeC/LW/RW011-1001016:220:0006:13040% 501
Erik CernakD000-1220120:191:1803:3400% 000
Josh MansonD0002031122:110:0003:3000% 001
Luke HughesD000000000:000:0000:0000% 000
Matt DucheneC/LW1121202320:041:4702:31050% 210
Nicolas HagueD0221010121:170:0007:1600% 001
Nikita KucherovLW/RW1121237120:172:1102:5700% 120
Patrick MaroonLW/RW000002005:200:0000:0000% 000
Tom WilsonRW000-1410111:412:1100:0000% 100
Troy TerryC/RW0332005016:191:4700:0000% 110
Tyler SeguinC/RW0221032015:370:0000:00052% 2310
Vladislav NamestnikovC/LW/RW000000005:200:0000:0000% 000

Flames

5 vs 5 Forward
Line #Left WingCenterRight WingPHYDFOFWanted %Time %Time Play
1Pavel ZachaEvgeny KuznetsovSam Reinhart0143534%15:02
2Anthony BeauvillierNick BjugstadTrevor Moore0233029%13:02
3Ryan DonatoBlake LizotteTeddy Blueger0231818%8:16
4Austin WatsonMark JankowskiKiefer Sherwood2211719%8:22
5 vs 5 Defense
Line #DefenseDefensePHYDFOFWanted %Time %Time Play
1Victor HedmanDrew Doughty0233640%17:41
2Ben ChiarotCaleb Jones0233434%15:03
3Brendan SmithErik Brannstrom0322627%11:58
4Drew DoughtyVictor Hedman03240%0:00
Power Play Forward
Line #Left WingCenterRight WingPHYDFOFWanted %Time %Time Play
1Pavel ZachaEvgeny KuznetsovSam Reinhart0056061%6:13
2Trevor MooreNick BjugstadAnthony Beauvillier0054039%3:54
Power Play Defense
Line #DefenseDefensePHYDFOFWanted %Time %Time Play
1Victor HedmanDrew Doughty0146066%6:40
2Caleb JonesErik Brannstrom0144034%3:27
Penalty Kill 4 Players Forward
Line #CenterWingPHYDFOFWanted %Time %Time Play
1Teddy BluegerAustin Watson0506069%2:44
2Nick BjugstadMark Jankowski0504031%1:14
Penalty Kill 4 Players Defense
Line #DefenseDefensePHYDFOFWanted %Time %Time Play
1Ben ChiarotBrendan Smith1406081%3:13
2Erik BrannstromCaleb Jones1404019%0:45
Penalty Kill 3 Players
Line #WingPHYDFOFWanted %Time %Time PlayDefenseDefensePHYDFOFWanted %Time %Time Play
1Teddy Blueger050600%0:00 Brendan SmithBen Chiarot050600%0:00
2Mark Jankowski050400%0:00 Victor HedmanCaleb Jones050400%0:00
4 vs 4 Forward
Line #CenterWingPHYDFOFWanted %Time %Time Play
1Evgeny KuznetsovSam Reinhart014600%0:00
2Pavel ZachaRyan Donato023400%0:00
4 vs 4 Defense
Line #DefensePHYDFOFWanted %Time %Time Play
1Victor HedmanDrew Doughty023600%0:00
2Erik BrannstromCaleb Jones032400%0:00
Last Minutes Offensive
Left WingCenterRight WingDefenseDefense
Pavel ZachaEvgeny KuznetsovSam ReinhartVictor HedmanDrew Doughty
Last Minutes Defensive
Left WingCenterRight WingDefenseDefense
Mark JankowskiNick BjugstadTeddy BluegerBen ChiarotBrendan Smith
Time
Total ForwardTotal DefenseLast Minutes OffensiveLast Minutes Defensive
60:00 60:00 1:130:00
Extra Forwards
Normal PowerPlayPenalty Kill
Sam Reinhart, Evgeny Kuznetsov, Pavel ZachaTrevor Moore, Ryan DonatoBlake Lizotte
Extra Defensemen
Normal PowerPlayPenalty Kill
Victor Hedman, Drew Doughty, Brendan SmithBen Chiarot, Erik BrannstromCaleb Jones
Penalty Shots
Sam Reinhart, Trevor Moore, Pavel Zacha, Ben Chiarot, Caleb Jones
Goalie
Sergei Bobrovsky, Alex Lyon
Custom OT Lines Forwards
Sam Reinhart, Pavel Zacha, Evgeny Kuznetsov, Anthony Beauvillier, Trevor Moore, Ryan Donato, Nick Bjugstad, Blake Lizotte, Teddy Blueger, Austin Watson
Custom OT Lines Defensemen
Victor Hedman, Drew Doughty, Erik Brannstrom, Ben Chiarot, Caleb Jones
Scratches
Tyson Jost (Healthy), Noah Gregor (Healthy), Alex Stalock (Healthy)

Blue Jackets

5 vs 5 Forward
Line #Left WingCenterRight WingPHYDFOFWanted %Time %Time Play
1Matt DucheneTyler SeguinNikita Kucherov0233534%15:14
2Brandon SaadDavid KrejciTroy Terry0233033%14:38
3Dillon DubeAndreas AthanasiouTom Wilson0232221%9:31
4Vladislav NamestnikovBrett HowdenPatrick Maroon0231312%5:20
5 vs 5 Defense
Line #DefenseDefensePHYDFOFWanted %Time %Time Play
1Brenden DillonJosh Manson1223838%16:59
2Erik CernakConnor Murphy1223433%14:54
3Connor CliftonNicolas Hague2212829%12:50
4Brenden DillonErik Cernak12200%0:00
Power Play Forward
Line #Left WingCenterRight WingPHYDFOFWanted %Time %Time Play
1Nikita KucherovBrett HowdenTom Wilson1045655%2:11
2Matt DucheneDavid KrejciTroy Terry1044445%1:47
Power Play Defense
Line #DefenseDefensePHYDFOFWanted %Time %Time Play
1Brenden DillonConnor Clifton1136067%2:40
2Erik CernakConnor Murphy1134033%1:18
Penalty Kill 4 Players Forward
Line #CenterWingPHYDFOFWanted %Time %Time Play
1Brett HowdenDillon Dube1406070%7:04
2Nikita KucherovMatt Duchene1404030%3:03
Penalty Kill 4 Players Defense
Line #DefenseDefensePHYDFOFWanted %Time %Time Play
1Brenden DillonNicolas Hague1226071%7:13
2Erik CernakJosh Manson1224029%2:54
Penalty Kill 3 Players
Line #WingPHYDFOFWanted %Time %Time PlayDefenseDefensePHYDFOFWanted %Time %Time Play
1Andreas Athanasiou140600%0:00 Erik CernakNicolas Hague122600%0:00
2David Krejci140400%0:00 Connor CliftonJosh Manson122400%0:00
4 vs 4 Forward
Line #CenterWingPHYDFOFWanted %Time %Time Play
1Troy TerryNikita Kucherov023600%0:00
2Matt DucheneTom Wilson023400%0:00
4 vs 4 Defense
Line #DefensePHYDFOFWanted %Time %Time Play
1Josh MansonNicolas Hague023500%0:00
2Erik CernakBrenden Dillon023500%0:00
Last Minutes Offensive
Left WingCenterRight WingDefenseDefense
Troy TerryMatt DucheneTyler SeguinBrenden DillonJosh Manson
Last Minutes Defensive
Left WingCenterRight WingDefenseDefense
Troy TerryMatt DucheneTyler SeguinBrenden DillonJosh Manson
Time
Total ForwardTotal DefenseLast Minutes OffensiveLast Minutes Defensive
60:00 60:00 0:001:12
Extra Forwards
Normal PowerPlayPenalty Kill
Brett Howden, Matt Duchene, Dillon DubeBrett Howden, Matt DucheneDillon Dube
Extra Defensemen
Normal PowerPlayPenalty Kill
Josh Manson, Nicolas Hague, Erik CernakJosh Manson, Nicolas HagueErik Cernak
Penalty Shots
Matt Duchene, Dillon Dube, Nikita Kucherov, Troy Terry, Brett Howden
Goalie
Logan Thompson, Filip Gustavsson
Custom OT Lines Forwards
Troy Terry, Matt Duchene, Nikita Kucherov, Tom Wilson, Brandon Saad, Brett Howden, David Krejci, Dillon Dube, Andreas Athanasiou, Vladislav Namestnikov
Custom OT Lines Defensemen
Brenden Dillon, Nicolas Hague, Erik Cernak, Connor Murphy, Connor Clifton
Scratches
None


Play-by-Play

1st period


0:01 of 1st period - Evgeny Kuznetsov wins face-off versus Tyler Seguin in neutral zone.
0:08 of 1st period - Wrist shot by Sam Reinhart.
0:08 of 1st period - Stopped by Logan Thompson without a rebound.
0:09 of 1st period - Tyler Seguin wins face-off versus Evgeny Kuznetsov in Blue Jackets zone.
0:09 of 1st period - Tyler Seguin is hit by Pavel Zacha.
0:15 of 1st period - Tyler Seguin is hit by Victor Hedman and loses puck.
0:20 of 1st period - Snap shot by Sam Reinhart.
0:20 of 1st period - Stopped by Logan Thompson with a rebound.
0:56 of 1st period - Wrist shot by Matt Duchene.
0:56 of 1st period - Shot Misses the Net.
1:10 of 1st period - Slapshot by Tyler Seguin.
1:10 of 1st period - Shot Misses the Net.
1:43 of 1st period - Off-side.
1:44 of 1st period - Nick Bjugstad wins face-off versus David Krejci in neutral zone.
2:26 of 1st period - Snap shot by Troy Terry.
2:26 of 1st period - Stopped by Sergei Bobrovsky with a rebound.
2:28 of 1st period - Wrist shot by Brandon Saad.
2:28 of 1st period - Stopped by Sergei Bobrovsky with a rebound.
2:30 of 1st period - Wrist shot by David Krejci.
2:30 of 1st period - Shot Misses the Net.
2:32 of 1st period - Slapshot by Nicolas Hague.
2:32 of 1st period - Shot Blocked by Ben Chiarot.
2:34 of 1st period - Slapshot by Connor Murphy.
2:34 of 1st period - Shot Misses the Net.
2:36 of 1st period - Snap shot by Brandon Saad.
2:36 of 1st period - Stopped by Sergei Bobrovsky without a rebound.
2:37 of 1st period - Nick Bjugstad wins face-off versus Andreas Athanasiou in Flames zone.
2:46 of 1st period - Slapshot by Trevor Moore.
2:46 of 1st period - Shot Misses the Net.
3:01 of 1st period - Icing by Ryan Donato.
3:02 of 1st period - Blake Lizotte wins face-off versus Brett Howden in Flames zone.
3:56 of 1st period - Icing by Austin Watson.
3:57 of 1st period - David Krejci wins face-off versus Mark Jankowski in Flames zone.
3:58 of 1st period - Wrist shot by Troy Terry.
3:58 of 1st period - Stopped by Sergei Bobrovsky with a rebound.
4:15 of 1st period - Minor Penalty to Erik Cernak for Goalie Interference.
4:16 of 1st period - Brett Howden wins face-off versus Evgeny Kuznetsov in Blue Jackets zone.
4:56 of 1st period - Snap shot by Evgeny Kuznetsov.
4:56 of 1st period - Shot Misses the Net.
5:43 of 1st period - Icing by Victor Hedman.
5:44 of 1st period - Brett Howden wins face-off versus Sam Reinhart in Flames zone.
6:15 of 1st period - Penalty to Erik Cernak is over, Erik Cernak is back on ice.
6:46 of 1st period - Caleb Jones is hit by Nicolas Hague and loses puck.
6:55 of 1st period - Minor Penalty to Ben Chiarot for Holding Stick.
6:56 of 1st period - Teddy Blueger wins face-off versus Brett Howden in Flames zone.
6:56 of 1st period - Teddy Blueger is hit by Tom Wilson.
7:37 of 1st period - Off-side.
7:38 of 1st period - David Krejci wins face-off versus Nick Bjugstad in neutral zone.
8:55 of 1st period - Penalty to Ben Chiarot is over, Ben Chiarot is back on ice.
9:03 of 1st period - Brenden Dillon is hit by Drew Doughty and loses puck.
9:12 of 1st period - Wrist shot by Evgeny Kuznetsov.
9:12 of 1st period - Deflect By Sam Reinhart.
9:12 of 1st period - Shot Misses the Net.
9:12 of 1st period - Puck is out of play.
9:13 of 1st period - Brandon Saad wins face-off versus Nick Bjugstad in Blue Jackets zone.
9:39 of 1st period - Pavel Zacha is hit by Tyler Seguin and loses puck.
9:56 of 1st period - Minor Penalty to Nikita Kucherov for Holding.
9:57 of 1st period - Brett Howden wins face-off versus Evgeny Kuznetsov in Blue Jackets zone.
10:03 of 1st period - Icing by Victor Hedman.
10:04 of 1st period - Evgeny Kuznetsov wins face-off versus Dillon Dube in Flames zone.
10:25 of 1st period - Brett Howden is hit by Sam Reinhart and loses puck.
10:34 of 1st period - Snap shot by Evgeny Kuznetsov.
10:34 of 1st period - Shot Misses the Net.
10:36 of 1st period - Slapshot by Drew Doughty.
10:36 of 1st period - Shot Blocked by Brett Howden.
10:38 of 1st period - Slapshot by Drew Doughty.
10:38 of 1st period - Deflect By Nicolas Hague.
10:38 of 1st period - Stopped by Logan Thompson without a rebound.
10:39 of 1st period - Dillon Dube wins face-off versus Nick Bjugstad in Blue Jackets zone.
11:56 of 1st period - Penalty to Nikita Kucherov is over, Nikita Kucherov is back on ice.
12:08 of 1st period - Brandon Saad is hit by Brendan Smith and loses puck.
12:13 of 1st period - Slapshot by Austin Watson.
12:13 of 1st period - Stopped by Logan Thompson with a rebound.
12:21 of 1st period - Snap shot by Brett Howden.
12:21 of 1st period - Stopped by Sergei Bobrovsky without a rebound.
12:22 of 1st period - Blake Lizotte wins face-off versus Tom Wilson in Flames zone.
12:35 of 1st period - Wrist shot by Ryan Donato.
12:35 of 1st period - Stopped by Logan Thompson without a rebound.
12:36 of 1st period - Nick Bjugstad wins face-off versus Tyler Seguin in Blue Jackets zone.
12:37 of 1st period - Snap shot by Trevor Moore.
12:37 of 1st period - Shot Misses the Net.
12:39 of 1st period - Snap shot by Anthony Beauvillier.
12:39 of 1st period - Goal by Anthony Beauvillier - Flames : 1 - Blue Jackets : 0.
12:40 of 1st period - Nick Bjugstad wins face-off versus Tyler Seguin in neutral zone.
13:30 of 1st period - Snap shot by Teddy Blueger.
13:30 of 1st period - Stopped by Logan Thompson with a rebound.
13:32 of 1st period - Slapshot by Victor Hedman.
13:32 of 1st period - Shot Misses the Net.
13:34 of 1st period - Slapshot by Victor Hedman.
13:34 of 1st period - Shot Blocked by Connor Clifton.
13:36 of 1st period - Slapshot by Blake Lizotte.
13:36 of 1st period - Shot Blocked by Tom Wilson.
13:50 of 1st period - Slapshot by Brett Howden.
13:50 of 1st period - Deflect By Austin Watson.
13:50 of 1st period - Stopped by Sergei Bobrovsky with a rebound.
15:36 of 1st period - Wrist shot by Troy Terry.
15:36 of 1st period - Deflect By David Krejci.
15:36 of 1st period - Shot Misses the Net.
15:36 of 1st period - Puck is out of play.
15:37 of 1st period - David Krejci wins face-off versus Nick Bjugstad in Flames zone.
15:44 of 1st period - Snap shot by David Krejci.
15:44 of 1st period - Shot Misses the Net.
15:46 of 1st period - Snap shot by David Krejci.
15:46 of 1st period - Shot Blocked by Drew Doughty.
15:48 of 1st period - Snap shot by Brandon Saad.
15:48 of 1st period - Deflect By Nick Bjugstad.
15:48 of 1st period - Shot Misses the Net.
15:48 of 1st period - Puck is out of play.
15:49 of 1st period - Evgeny Kuznetsov wins face-off versus Tyler Seguin in Flames zone.
15:49 of 1st period - Evgeny Kuznetsov is hit by Nikita Kucherov.
16:25 of 1st period - Wrist shot by Anthony Beauvillier.
16:25 of 1st period - Stopped by Logan Thompson with a rebound.
16:39 of 1st period - Snap shot by Tom Wilson.
16:39 of 1st period - Shot Misses the Net.
16:41 of 1st period - Wrist shot by Connor Murphy.
16:41 of 1st period - Shot Misses the Net.
16:43 of 1st period - Slapshot by Connor Murphy.
16:43 of 1st period - Stopped by Sergei Bobrovsky without a rebound.
16:44 of 1st period - Evgeny Kuznetsov wins face-off versus Tyler Seguin in Flames zone.
16:55 of 1st period - Pavel Zacha is hit by Josh Manson and loses puck.
17:31 of 1st period - Trevor Moore is hit by Patrick Maroon and loses puck.
17:36 of 1st period - Snap shot by Brett Howden.
17:36 of 1st period - Stopped by Sergei Bobrovsky without a rebound.
17:37 of 1st period - Brett Howden wins face-off versus Evgeny Kuznetsov in Flames zone.
17:44 of 1st period - Snap shot by Brett Howden.
17:44 of 1st period - Shot Misses the Net.
17:46 of 1st period - Slapshot by Brenden Dillon.
17:46 of 1st period - Stopped by Sergei Bobrovsky without a rebound.
17:47 of 1st period - Tyler Seguin wins face-off versus Evgeny Kuznetsov in Flames zone.
18:02 of 1st period - Wrist shot by Nikita Kucherov.
18:02 of 1st period - Stopped by Sergei Bobrovsky with a rebound.
18:04 of 1st period - Wrist shot by Nikita Kucherov.
18:04 of 1st period - Goal by Nikita Kucherov - Flames : 1 - Blue Jackets : 1.
18:05 of 1st period - Tyler Seguin wins face-off versus Nick Bjugstad in neutral zone.
18:30 of 1st period - Drew Doughty is hit by Brenden Dillon and loses puck.
18:37 of 1st period - Snap shot by Dillon Dube.
18:37 of 1st period - Shot Misses the Net.
18:39 of 1st period - Wrist shot by Erik Cernak.
18:39 of 1st period - Shot Blocked by Drew Doughty.
19:41 of 1st period - Wrist shot by Dillon Dube.
19:41 of 1st period - Stopped by Sergei Bobrovsky with a rebound.
19:43 of 1st period - Slapshot by Brenden Dillon.
19:43 of 1st period - Shot Blocked by Ben Chiarot.
Goals for this period are 1 for Flames vs 1 for Blue Jackets.
Shots for this period are 8 for Flames vs 12 for Blue Jackets.

2nd period


0:01 of 2nd period - Evgeny Kuznetsov wins face-off versus Tyler Seguin in neutral zone.
0:03 of 2nd period - Off-side.
0:04 of 2nd period - Evgeny Kuznetsov wins face-off versus Tyler Seguin in neutral zone.
0:30 of 2nd period - Off-side.
0:31 of 2nd period - David Krejci wins face-off versus Nick Bjugstad in neutral zone.
0:37 of 2nd period - Icing by Drew Doughty.
0:38 of 2nd period - Nick Bjugstad wins face-off versus Troy Terry in Flames zone.
0:47 of 2nd period - Wrist shot by Nick Bjugstad.
0:47 of 2nd period - Stopped by Logan Thompson with a rebound.
0:55 of 2nd period - Wrist shot by David Krejci.
0:55 of 2nd period - Goal by David Krejci - Flames : 1 - Blue Jackets : 2.
0:56 of 2nd period - Andreas Athanasiou wins face-off versus Evgeny Kuznetsov in neutral zone.
1:12 of 2nd period - Snap shot by Tom Wilson.
1:12 of 2nd period - Shot Misses the Net.
1:22 of 2nd period - Matt Duchene is hit by Caleb Jones and loses puck.
1:29 of 2nd period - Snap shot by Anthony Beauvillier.
1:29 of 2nd period - Stopped by Logan Thompson without a rebound.
1:30 of 2nd period - Nick Bjugstad wins face-off versus David Krejci in Blue Jackets zone.
1:33 of 2nd period - Snap shot by Trevor Moore.
1:33 of 2nd period - Stopped by Logan Thompson with a rebound.
1:39 of 2nd period - Wrist shot by Anthony Beauvillier.
1:39 of 2nd period - Shot Misses the Net.
1:57 of 2nd period - Snap shot by Evgeny Kuznetsov.
1:57 of 2nd period - Shot Misses the Net.
1:59 of 2nd period - Slapshot by Victor Hedman.
1:59 of 2nd period - Stopped by Logan Thompson without a rebound.
2:00 of 2nd period - Tyler Seguin wins face-off versus Blake Lizotte in Blue Jackets zone.
2:26 of 2nd period - Matt Duchene is hit by Trevor Moore and loses puck.
2:31 of 2nd period - Slapshot by Trevor Moore.
2:31 of 2nd period - Stopped by Logan Thompson without a rebound.
2:32 of 2nd period - Nick Bjugstad wins face-off versus Brandon Saad in Blue Jackets zone.
3:25 of 2nd period - Snap shot by Ryan Donato.
3:25 of 2nd period - Stopped by Logan Thompson without a rebound.
3:26 of 2nd period - Blake Lizotte wins face-off versus David Krejci in Blue Jackets zone.
3:29 of 2nd period - Slapshot by Drew Doughty.
3:29 of 2nd period - Shot Blocked by Erik Cernak.
3:45 of 2nd period - Slapshot by Victor Hedman.
3:45 of 2nd period - Stopped by Logan Thompson with a rebound.
3:47 of 2nd period - Wrist shot by Blake Lizotte.
3:47 of 2nd period - Shot Misses the Net.
3:49 of 2nd period - Snap shot by Blake Lizotte.
3:49 of 2nd period - Stopped by Logan Thompson with a rebound.
3:51 of 2nd period - Snap shot by Erik Brannstrom.
3:51 of 2nd period - Stopped by Logan Thompson with a rebound.
3:53 of 2nd period - Snap shot by Blake Lizotte.
3:53 of 2nd period - Shot Blocked by Brandon Saad.
3:55 of 2nd period - Wrist shot by Ryan Donato.
3:55 of 2nd period - Stopped by Logan Thompson without a rebound.
3:56 of 2nd period - Evgeny Kuznetsov wins face-off versus Tyler Seguin in Blue Jackets zone.
4:13 of 2nd period - Snap shot by Nikita Kucherov.
4:13 of 2nd period - Shot Misses the Net.
4:27 of 2nd period - Slapshot by Nick Bjugstad.
4:27 of 2nd period - Stopped by Logan Thompson with a rebound.
5:30 of 2nd period - Icing by Blake Lizotte.
5:31 of 2nd period - Tyler Seguin wins face-off versus Pavel Zacha in Flames zone.
6:03 of 2nd period - Snap shot by Brenden Dillon.
6:03 of 2nd period - Stopped by Sergei Bobrovsky with a rebound.
6:05 of 2nd period - Backhand shot by Troy Terry.
6:05 of 2nd period - Stopped by Sergei Bobrovsky with a rebound.
6:07 of 2nd period - Slapshot by Brenden Dillon.
6:07 of 2nd period - Shot Blocked by Trevor Moore.
6:09 of 2nd period - Slapshot by Troy Terry.
6:09 of 2nd period - Shot Misses the Net.
6:11 of 2nd period - Slapshot by Brenden Dillon.
6:11 of 2nd period - Stopped by Sergei Bobrovsky with a rebound.
6:13 of 2nd period - Wrist shot by Brandon Saad.
6:13 of 2nd period - Shot Blocked by Caleb Jones.
6:31 of 2nd period - Wrist shot by Brett Howden.
6:31 of 2nd period - Stopped by Sergei Bobrovsky without a rebound.
6:32 of 2nd period - Evgeny Kuznetsov wins face-off versus Tyler Seguin in Flames zone.
7:21 of 2nd period - Slapshot by Victor Hedman.
7:21 of 2nd period - Stopped by Logan Thompson with a rebound.
7:23 of 2nd period - Slapshot by Drew Doughty.
7:23 of 2nd period - Shot Blocked by Josh Manson.
7:29 of 2nd period - Snap shot by Ryan Donato.
7:29 of 2nd period - Stopped by Logan Thompson with a rebound.
7:31 of 2nd period - Backhand shot by Ryan Donato.
7:31 of 2nd period - Stopped by Logan Thompson without a rebound.
7:32 of 2nd period - Tyler Seguin wins face-off versus Pavel Zacha in Blue Jackets zone.
7:32 of 2nd period - Tyler Seguin is hit by Ben Chiarot.
8:08 of 2nd period - Snap shot by Matt Duchene.
8:08 of 2nd period - Deflect By Tyler Seguin.
8:08 of 2nd period - Stopped by Sergei Bobrovsky with a rebound.
8:10 of 2nd period - Snap shot by Nikita Kucherov.
8:10 of 2nd period - Stopped by Sergei Bobrovsky with a rebound.
8:12 of 2nd period - Slapshot by Josh Manson.
8:12 of 2nd period - Shot Blocked by Austin Watson.
8:14 of 2nd period - Backhand shot by Josh Manson.
8:14 of 2nd period - Stopped by Sergei Bobrovsky with a rebound.
8:16 of 2nd period - Snap shot by Tyler Seguin.
8:16 of 2nd period - Stopped by Sergei Bobrovsky without a rebound.
8:17 of 2nd period - David Krejci wins face-off versus Evgeny Kuznetsov in Flames zone.
8:34 of 2nd period - Icing by Brandon Saad.
8:35 of 2nd period - David Krejci wins face-off versus Nick Bjugstad in Blue Jackets zone.
9:07 of 2nd period - Snap shot by Anthony Beauvillier.
9:07 of 2nd period - Goal by Anthony Beauvillier - Flames : 2 - Blue Jackets : 2.
9:08 of 2nd period - Evgeny Kuznetsov wins face-off versus Dillon Dube in neutral zone.
9:31 of 2nd period - Minor Penalty to Tom Wilson for Diving.
9:32 of 2nd period - Evgeny Kuznetsov wins face-off versus Brett Howden in Blue Jackets zone.
9:43 of 2nd period - Wrist shot by Sam Reinhart.
9:43 of 2nd period - Deflect By Evgeny Kuznetsov.
9:43 of 2nd period - Deflect By Nicolas Hague.
9:43 of 2nd period - Goal by Evgeny Kuznetsov - Flames : 3 - Blue Jackets : 2.
9:44 of 2nd period - Tyler Seguin wins face-off versus Evgeny Kuznetsov in neutral zone.
9:51 of 2nd period - Slapshot by Matt Duchene.
9:51 of 2nd period - Stopped by Sergei Bobrovsky without a rebound.
9:52 of 2nd period - Tyler Seguin wins face-off versus Pavel Zacha in Flames zone.
9:55 of 2nd period - Snap shot by Nikita Kucherov.
9:55 of 2nd period - Stopped by Sergei Bobrovsky with a rebound.
10:25 of 2nd period - Slapshot by Sam Reinhart.
10:25 of 2nd period - Stopped by Logan Thompson with a rebound.
10:27 of 2nd period - Slapshot by Erik Brannstrom.
10:27 of 2nd period - Stopped by Logan Thompson with a rebound.
10:29 of 2nd period - Wrist shot by Erik Brannstrom.
10:29 of 2nd period - Stopped by Logan Thompson with a rebound.
10:41 of 2nd period - Snap shot by Evgeny Kuznetsov.
10:41 of 2nd period - Shot Blocked by Nikita Kucherov.
10:43 of 2nd period - Slapshot by Evgeny Kuznetsov.
10:43 of 2nd period - Stopped by Logan Thompson with a rebound.
10:59 of 2nd period - Slapshot by Sam Reinhart.
10:59 of 2nd period - Shot Blocked by Nicolas Hague.
11:01 of 2nd period - Snap shot by Sam Reinhart.
11:01 of 2nd period - Stopped by Logan Thompson with a rebound.
11:03 of 2nd period - Snap shot by Sam Reinhart.
11:03 of 2nd period - Stopped by Logan Thompson with a rebound.
11:05 of 2nd period - Snap shot by Evgeny Kuznetsov.
11:05 of 2nd period - Shot Blocked by Connor Clifton.
11:07 of 2nd period - Wrist shot by Evgeny Kuznetsov.
11:07 of 2nd period - Shot Blocked by Matt Duchene.
11:09 of 2nd period - Slapshot by Sam Reinhart.
11:09 of 2nd period - Stopped by Logan Thompson with a rebound.
11:11 of 2nd period - Slapshot by Erik Brannstrom.
11:11 of 2nd period - Shot Blocked by Matt Duchene.
11:13 of 2nd period - Slapshot by Brendan Smith.
11:13 of 2nd period - Stopped by Logan Thompson without a rebound.
11:14 of 2nd period - Brett Howden wins face-off versus Nick Bjugstad in Blue Jackets zone.
11:42 of 2nd period - Slapshot by Troy Terry.
11:42 of 2nd period - Stopped by Sergei Bobrovsky with a rebound.
11:44 of 2nd period - Slapshot by Brandon Saad.
11:44 of 2nd period - Goal by Brandon Saad - Flames : 3 - Blue Jackets : 3.
11:45 of 2nd period - Nick Bjugstad wins face-off versus Andreas Athanasiou in neutral zone.
11:58 of 2nd period - Tom Wilson is hit by Nick Bjugstad and loses puck.
12:34 of 2nd period - Snap shot by Patrick Maroon.
12:34 of 2nd period - Shot Misses the Net.
14:44 of 2nd period - Slapshot by Troy Terry.
14:44 of 2nd period - Stopped by Sergei Bobrovsky with a rebound.
14:46 of 2nd period - Snap shot by Brandon Saad.
14:46 of 2nd period - Stopped by Sergei Bobrovsky with a rebound.
15:04 of 2nd period - Slapshot by Brandon Saad.
15:04 of 2nd period - Stopped by Sergei Bobrovsky with a rebound.
15:06 of 2nd period - Snap shot by Nicolas Hague.
15:06 of 2nd period - Deflect By Brandon Saad.
15:06 of 2nd period - Goal by Brandon Saad - Flames : 3 - Blue Jackets : 4.
15:07 of 2nd period - Matt Duchene wins face-off versus Evgeny Kuznetsov in neutral zone.
15:14 of 2nd period - Wrist shot by Nikita Kucherov.
15:14 of 2nd period - Stopped by Sergei Bobrovsky with a rebound.
15:16 of 2nd period - Backhand shot by Matt Duchene.
15:16 of 2nd period - Deflect By Nikita Kucherov.
15:16 of 2nd period - Shot Misses the Net.
15:16 of 2nd period - Puck is out of play.
15:17 of 2nd period - Tyler Seguin wins face-off versus Evgeny Kuznetsov in Flames zone.
15:22 of 2nd period - Snap shot by Matt Duchene.
15:22 of 2nd period - Goal by Matt Duchene - Flames : 3 - Blue Jackets : 5.
15:23 of 2nd period - Nick Bjugstad wins face-off versus Andreas Athanasiou in neutral zone.
15:25 of 2nd period - Minor Penalty to Ben Chiarot for Hooking.
15:26 of 2nd period - Brett Howden wins face-off versus Teddy Blueger in Flames zone.
15:42 of 2nd period - Wrist shot by Erik Brannstrom.
15:42 of 2nd period - Shot Blocked by Brenden Dillon.
16:58 of 2nd period - Brenden Dillon is hit by Nick Bjugstad and loses puck.
17:21 of 2nd period - Teddy Blueger is hit by Connor Clifton and loses puck.
17:25 of 2nd period - Penalty to Ben Chiarot is over, Ben Chiarot is back on ice.
17:47 of 2nd period - Off-side.
17:48 of 2nd period - Nick Bjugstad wins face-off versus Dillon Dube in neutral zone.
18:09 of 2nd period - Brenden Dillon is hit by Trevor Moore.
19:05 of 2nd period - Snap shot by Teddy Blueger.
19:05 of 2nd period - Shot Misses the Net.
19:23 of 2nd period - Ben Chiarot is hit by Erik Cernak.
19:57 of 2nd period - Austin Watson is hit by Nikita Kucherov and loses puck.
Goals for this period are 2 for Flames vs 4 for Blue Jackets.
Shots for this period are 24 for Flames vs 19 for Blue Jackets.

3rd period


0:01 of 3rd period - Nick Bjugstad wins face-off versus Matt Duchene in neutral zone.
0:04 of 3rd period - Snap shot by Trevor Moore.
0:04 of 3rd period - Shot Blocked by Matt Duchene.
0:51 of 3rd period - Brendan Smith is hit by Patrick Maroon and loses puck.
1:32 of 3rd period - Snap shot by Nikita Kucherov.
1:32 of 3rd period - Stopped by Sergei Bobrovsky without a rebound.
1:33 of 3rd period - Tyler Seguin wins face-off versus Anthony Beauvillier in Flames zone.
2:18 of 3rd period - Minor Penalty to Brenden Dillon for High sticking.
2:19 of 3rd period - Brett Howden wins face-off versus Evgeny Kuznetsov in Blue Jackets zone.
2:46 of 3rd period - Snap shot by Trevor Moore.
2:46 of 3rd period - Stopped by Logan Thompson without a rebound.
2:47 of 3rd period - Nick Bjugstad wins face-off versus Brett Howden in Blue Jackets zone.
3:02 of 3rd period - Snap shot by Nick Bjugstad.
3:02 of 3rd period - Stopped by Logan Thompson without a rebound.
3:03 of 3rd period - Dillon Dube wins face-off versus Evgeny Kuznetsov in Blue Jackets zone.
3:41 of 3rd period - Slapshot by Nikita Kucherov.
3:41 of 3rd period - Deflect By Matt Duchene.
3:41 of 3rd period - Shot Misses the Net.
3:41 of 3rd period - Puck is out of play.
3:42 of 3rd period - Nick Bjugstad wins face-off versus Nikita Kucherov in Flames zone.
4:17 of 3rd period - Snap shot by Evgeny Kuznetsov.
4:17 of 3rd period - Stopped by Logan Thompson without a rebound.
4:18 of 3rd period - Penalty to Brenden Dillon is over, Brenden Dillon is back on ice.
4:18 of 3rd period - Nick Bjugstad wins face-off versus David Krejci in Blue Jackets zone.
4:45 of 3rd period - Matt Duchene is hit by Evgeny Kuznetsov and loses puck.
5:26 of 3rd period - Mark Jankowski is hit by Brett Howden and loses puck.
6:11 of 3rd period - Matt Duchene is hit by Evgeny Kuznetsov.
6:54 of 3rd period - Snap shot by Patrick Maroon.
6:54 of 3rd period - Shot Blocked by Drew Doughty.
6:56 of 3rd period - Slapshot by Connor Murphy.
6:56 of 3rd period - Stopped by Sergei Bobrovsky without a rebound.
6:57 of 3rd period - Evgeny Kuznetsov wins face-off versus Tyler Seguin in Flames zone.
7:02 of 3rd period - Nikita Kucherov is hit by Sam Reinhart and loses puck.
8:09 of 3rd period - Wrist shot by Ryan Donato.
8:09 of 3rd period - Shot Misses the Net.
8:11 of 3rd period - Snap shot by Teddy Blueger.
8:11 of 3rd period - Stopped by Logan Thompson without a rebound.
8:12 of 3rd period - Blake Lizotte wins face-off versus Tyler Seguin in Blue Jackets zone.
8:39 of 3rd period - Snap shot by Anthony Beauvillier.
8:39 of 3rd period - Stopped by Logan Thompson with a rebound.
8:41 of 3rd period - Slapshot by Victor Hedman.
8:41 of 3rd period - Shot Blocked by Andreas Athanasiou.
8:43 of 3rd period - Slapshot by Anthony Beauvillier.
8:43 of 3rd period - Stopped by Logan Thompson with a rebound.
8:49 of 3rd period - Snap shot by Trevor Moore.
8:49 of 3rd period - Stopped by Logan Thompson without a rebound.
8:50 of 3rd period - Tyler Seguin wins face-off versus Evgeny Kuznetsov in Blue Jackets zone.
8:54 of 3rd period - Minor Penalty to Matt Duchene for High sticking.
8:55 of 3rd period - Evgeny Kuznetsov wins face-off versus Brett Howden in Blue Jackets zone.
9:09 of 3rd period - Snap shot by Evgeny Kuznetsov.
9:09 of 3rd period - Stopped by Logan Thompson without a rebound.
9:10 of 3rd period - Brett Howden wins face-off versus Evgeny Kuznetsov in Blue Jackets zone.
10:54 of 3rd period - Penalty to Matt Duchene is over, Matt Duchene is back on ice.
11:03 of 3rd period - Nicolas Hague is hit by Blake Lizotte and loses puck.
11:10 of 3rd period - Teddy Blueger is hit by Erik Cernak and loses puck.
11:23 of 3rd period - Snap shot by Nikita Kucherov.
11:23 of 3rd period - Stopped by Sergei Bobrovsky without a rebound.
11:24 of 3rd period - Tyler Seguin wins face-off versus Mark Jankowski in Flames zone.
12:13 of 3rd period - Victor Hedman is hit by Josh Manson and loses puck.
12:59 of 3rd period - Ben Chiarot is hit by Tyler Seguin and loses puck.
14:10 of 3rd period - Victor Hedman is hit by Tyler Seguin and loses puck.
14:42 of 3rd period - Snap shot by Connor Clifton.
14:42 of 3rd period - Shot Misses the Net.
15:02 of 3rd period - Slapshot by Evgeny Kuznetsov.
15:02 of 3rd period - Deflect By Sam Reinhart.
15:02 of 3rd period - Stopped by Logan Thompson without a rebound.
15:03 of 3rd period - Blake Lizotte wins face-off versus Andreas Athanasiou in Blue Jackets zone.
15:08 of 3rd period - Snap shot by Ryan Donato.
15:08 of 3rd period - Goal by Ryan Donato - Flames : 4 - Blue Jackets : 5.
15:09 of 3rd period - Andreas Athanasiou wins face-off versus Blake Lizotte in neutral zone.
15:23 of 3rd period - Minor Penalty to Tom Wilson for Interference.
15:24 of 3rd period - Brett Howden wins face-off versus Evgeny Kuznetsov in Blue Jackets zone.
17:00 of 3rd period - Pavel Zacha is hit by Nikita Kucherov and loses puck.
17:23 of 3rd period - Penalty to Tom Wilson is over, Tom Wilson is back on ice.
17:25 of 3rd period - Tom Wilson is hit by Austin Watson and loses puck.
18:52 of 3rd period - Drew Doughty is hit by Josh Manson and loses puck.
19:09 of 3rd period - Flames, Sergei Bobrovsky is pulled from the net.
19:43 of 3rd period - Wrist shot by Matt Duchene.
19:43 of 3rd period - Shot Misses the Net.
19:45 of 3rd period - Snap shot by Tyler Seguin.
19:45 of 3rd period - Shot Blocked by Victor Hedman.
19:47 of 3rd period - Snap shot by Josh Manson.
19:47 of 3rd period - Shot Blocked by Drew Doughty.
19:49 of 3rd period - Slapshot by Erik Cernak.
19:49 of 3rd period - Shot Blocked by Victor Hedman.
19:51 of 3rd period - Snap shot by Brett Howden.
19:51 of 3rd period - Shot Misses the Net.
Goals for this period are 1 for Flames vs 0 for Blue Jackets.
Shots for this period are 10 for Flames vs 3 for Blue Jackets.